 Dungeon Sprint DCSS version 0.22-a0-848-ge9e22a0 (webtiles) character file.

42 protoss039 the Cleaver (level 7, -1/71 HPs)
             Began as a Minotaur Fighter on July 26, 2018.
             Was a Priest of Makhleb.
             Slain by a shadow (23 damage)
             ... summoned by a guardian mummy's death curse
             ... in the Dungeon (Sprint VI: "Thunderdome").
             The game lasted 00:11:58 (276 turns).

protoss039 the Cleaver (Minotaur Fighter)            Turns: 276, Time: 00:11:58

Health: -1/71      AC:  7    Str: 22    XL:     7   Next: 24%
Magic:  8/10       EV: 12    Int: 12    God:    Makhleb [***...]
Gold:   145        SH: 10    Dex: 10    Spells: 6/6 levels left

rFire    . . .     SeeInvis .   a - +0 war axe
rCold    + + .     Gourm    .   c - +0 shield
rNeg     . . .     Faith    .   b - +0 scale mail
rPois    .         Spirit   .   (helmet restricted)
rElec    .         Reflect  .   (no cloak)
rCorr    .         Harm     .   (no gloves)
MR       +....     NoTele   +   (no boots)
Stlth    +.........             p - amulet of Wonder {Inacc -Tele rC+ MR+}
HPRegen  0.21/turn              e - ring of Vauqank {+Inv rC+ EV+2 Int+7}
MPRegen  0.12/turn              q - ring "Abofrad" {EV+2 Stlth+}

@: very slightly contaminated, invisible
A: retaliatory headbutt, horns 2
a: Minor Destruction, Lesser Servant of Makhleb, Renounce Religion


You were in the Dungeon.
You worshipped Makhleb.
Makhleb was most pleased with you.
You were not hungry.

You visited 1 branch You collected 280 gold pieces.
You spent 135 gold pieces at shops.

Inventory:

Hand Weapons
 a - a +0 war axe (weapon)
Armour
 b - a +0 scale mail (worn)
 c - a +0 shield (worn)
Jewellery
 e - the ring of Vauqank (left hand) {+Inv rC+ EV+2 Int+7}
   (You bought it in a shop in the Dungeon)

   [ring of evasion]

   It affects your evasion (+2).
   It affects your intelligence (+7).
   It protects you from cold.
   It lets you turn invisible.
 p - the amulet of Wonder (around neck) {Inacc -Tele rC+ MR+}
   (You bought it in a shop in the Dungeon)

   [amulet of inaccuracy]

   It reduces the accuracy of all your attacks.
   It protects you from cold.
   It affects your resistance to hostile enchantments.
   It prevents most forms of teleportation.
 q - the ring "Abofrad" (right hand) {EV+2 Stlth+}
   (You bought it in a shop in the Dungeon)

   [ring of evasion]

   It affects your evasion (+2).
   It makes you more stealthy.
Wands
 m - a wand of acid (5)
 n - a wand of iceblast (5)
Scrolls
 k - 4 scrolls of blinking
 o - 3 scrolls of fog
Potions
 g - 2 potions of heal wounds
 h - 4 potions of haste
 i - 2 potions of magic
 j - a potion of berserk rage
 l - a potion of resistance
Comestibles
 d - 3 chunks of flesh
 f - a ration


   Skills:
 + Level 9.7 Fighting
 * Level 12.6 Axes
 + Level 6.5 Armour
 + Level 6.4 Shields
 * Level 6.0 Invocations


You had 6 spell levels left.
You didn't know any spells.
Your spell library was empty.

Dungeon Overview and Level Annotations

Branches:
Dungeon (1/1)

Altars:
Cheibriados
Dithmenos
Fedhas
Gozag
Kikubaaqudgha
Makhleb
Okawaru
Qazlal
Ru
Sif Muna
Trog
Uskayaw
Vehumet
Wu Jian
Xom
Yredelemnul
Zin
The Shining One
Beogh
Jiyva
Lugonu

Shops:
D *[%??*?*:[((!!!!


Innate Abilities, Weirdness & Mutations

You reflexively headbutt those who attack you in melee.
You have a pair of horns on your head.


Message History

You miss the shadow.
The shadow is almost destroyed.
You hit something.
The shadow strikes at you from the darkness!
* * * LOW HITPOINT WARNING * * *
Reactivating autopickup.
You block the shadow's attack.
You feel much better.
The shadow slips into darkness.
The shadow flickers and vanishes!
Deactivating autopickup; reactivate with Ctrl-A.
The shadow slips into darkness.
The shadow flickers and vanishes!
Unknown command.
Press < or > to pray at altars.
You miss something. You hit something but do no damage.
The shadow strikes at you from the darkness!
Reactivating autopickup.
The shadow strikes at you from the darkness!
You die...

##∩___....(.###......
###∩........8.# #.8...[
##.............###......
#⌠........(.###...###...
#⌠..........# #.<.# #...
#⌠......(...###...###...
##.............###......
###∩...{....8.# #.8....
##∩W@_......###......
######.8.........8.#
#§.).........⌠#
###....[....###
#_....(.._# #_......._#
#_........# #∩.......∩#
##∩.....∩##


You could see a shadow.

Vanquished Creatures
  A guardian mummy (D)
  Sigmund (D)
  Eustachio (D)
  2 quasits (D)
  A mummy (D)
  A shadow imp (D)
  A hobgoblin (D)
  3 kobolds (D)
11 creatures vanquished.

Notes
Turn   | Place    | Note
-------+----------+-------------------------------------------
     0 | D        | protoss039 the Minotaur Fighter began the quest for the Orb.
     0 | D        | Reached XP level 1. HP: 19/19 MP: 0/0
     0 | D        | Found an ancient bone altar of Kikubaaqudgha.
     0 | D        | Found a snail-covered altar of Cheibriados.
     4 | D        | Found an opulent altar of Gozag.
     4 | D        | Found a glowing silver altar of Zin.
     5 | D        | Found a hide-covered altar of Uskayaw.
     5 | D        | Found a shimmering altar of Xom.
     5 | D        | Round 1.
     6 | D        | Found Hariorphosod's Identification Station.
     6 | D        | Found a viscous altar of Jiyva.
     6 | D        | Found an iron altar of Okawaru.
     6 | D        | Found Kuqo's Delicious Food.
     7 | D        | Found Jatzogg's Advanced Armour.
     7 | D        | Found Tuys's Jewellery.
     7 | D        | Found a blossoming altar of Fedhas.
    10 | D        | Found Funainn's Premium Goods.
    10 | D        | Found Veamp's Miscellaneous Merchandise.
    11 | D        | Found Lefud's Basic Armour.
    12 | D        | Found a glowing golden altar of the Shining One.
    12 | D        | Found a stormy altar of Qazlal.
    12 | D        | Found Wuazicsi's Weapon Rack.
    25 | D        | Found a bloodstained altar of Trog.
    26 | D        | Found an ornate altar of the Wu Jian Council.
    27 | D        | Found a radiant altar of Vehumet.
    31 | D        | Reached skill level 3 in Axes
    32 | D        | Found a sacrificial altar of Ru.
    32 | D        | Found a corrupted altar of Lugonu.
    32 | D        | Found a shadowy altar of Dithmenos.
    32 | D        | Found Mutygin's Magic Scroll Shop.
    32 | D        | Found Ahiden's Staff Store.
    33 | D        | Found Juapan's Magic Scroll Shop.
    33 | D        | Found Zica's Must-Have Magic.
    37 | D        | Found a burning altar of Makhleb.
    38 | D        | Found a deep blue altar of Sif Muna.
    39 | D        | Found a roughly hewn altar of Beogh.
    40 | D        | Found Atonn's Distillery.
    41 | D        | Found Soicyosi's Distillery.
    41 | D        | Found Minubant's Bottled Wisdom.
    45 | D        | Became a worshipper of Makhleb the Destroyer
    46 | D        | Found a basalt altar of Yredelemnul.
    46 | D        | Found Ikesch's Do-It-Yourself Clinic.
    59 | D        | Noticed Sigmund
    76 | D        | Killed Sigmund
    76 | D        | Reached skill level 10 in Axes
    76 | D        | Reached XP level 2. HP: 5/35 MP: 1/1
    76 | D        | Reached XP level 3. HP: 5/40 MP: 2/2
    76 | D        | Reached XP level 4. HP: 6/48 MP: 3/3
    76 | D        | Reached XP level 5. HP: 7/53 MP: 4/4
    86 | D        | Reached * piety under Makhleb
    92 | D        | Arena points: 12 (+12) [x2]
   133 | D        | Bought a sparkling silver ring for 45 gold pieces
   133 | D        | Bought a faintly glowing ruby amulet for 45 gold pieces
   133 | D        | Bought a scintillating amber ring for 45 gold pieces
   133 | D        | Identified the ring of Vauqank {+Inv rC+ EV+2 Int+7} (You bought it in a shop in the Dungeon)
   134 | D        | Identified the amulet of Wonder {Inacc -Tele rC+ MR+} (You bought it in a shop in the Dungeon)
   135 | D        | Identified the ring "Abofrad" {EV+2 Stlth+} (You bought it in a shop in the Dungeon)
   163 | D        | Round 2.
   168 | D        | Noticed Eustachio
   194 | D        | Reached ** piety under Makhleb
   195 | D        | Reached skill level 11 in Axes
   203 | D        | Killed Eustachio
   203 | D        | Reached skill level 5 in Armour
   203 | D        | Reached skill level 5 in Shields
   203 | D        | Reached XP level 6. HP: 24/63 MP: 3/8
   214 | D        | Arena points: 42 (+30) [x3]
   229 | D        | Round 3.
   248 | D        | Noticed a guardian mummy
   258 | D        | Killed a guardian mummy
   258 | D        | Reached skill level 12 in Axes
   258 | D        | Reached XP level 7. HP: 39/71 MP: 8/10
   258 | D        | Noticed a shadow
   258 | D        | Noticed a shadow
   269 | D        | Reached *** piety under Makhleb
   276 | D        | Slain by a shadow

Vault maps used:
D:        arena_sprint

Skill      XL: |  1  2  3  4  5  6 |
---------------+-------------------+-----
Axes           | 10 11 12 | 12.6
Fighting       | 8 9 |  9.7
Armour         | 5 6 |  6.5
Shields        | 5 6 |  6.4
Invocations    | 4 6 |  6.0

Action                   |  1- 3 |  4- 6 |  7- 9 || total
-------------------------+-------+-------+-------++-------
Melee: War axe           |    13 |    50 |    12 ||    75
       Headbutt          |     1 |     3 |     2 ||     6
 Abil: Evoke Invisibilit |       |     1 |     1 ||     2
  Use: Potion            |     2 |     1 |     1 ||     4
 Stab: Invisible         |       |     4 |       ||     4
Armor: Scale mail        |     4 |    43 |     9 ||    56
Dodge: Dodged            |     4 |    88 |     4 ||    96
Block: Shield            |     6 |    61 |     6 ||    73

Table legend:
 A = Spawn XP
 B = Non-spawn XP
 C = Spawn XP percentage of total XP
 D = Spawn monster count
 E = Non-spawn monster count
 F = Spawn count percentage of total count
 G = Total turns spent on level
                    A         B        C        D         E        F      G
               +---------+---------+-------+---------+---------+-------+---------
         Total |       0 |     905 |   0.0 |       0 |      11 |   0.0 |   276
               +---------+---------+-------+---------+---------+-------+---------
             D |       0 |     905 |   0.0 |       0 |      11 |   0.0 |   276
               +---------+---------+-------+---------+---------+-------+---------
